 Dungeon Crawl Stone Soup version 0.23.2-40-g277498a (webtiles) character file.

Game seed: 17094858718593118958

1362 BoppinsLewinski the Cudgeler (level 8, -14/68 HPs)
             Began as a Centaur Fighter on Sept 13, 2019.
             Demolished by an orc warrior
             ... wielding a +0 long sword
              (16 damage)
             ... on level 6 of the Dungeon.
             The game lasted 00:15:33 (6463 turns).

BoppinsLewinski the Cudgeler (Centaur Fighter)      Turns: 6463, Time: 00:15:34

Health: -14/68     AC:  8    Str: 18    XL:     8   Next: 37%
Magic:  8/8        EV:  8    Int:  7    God:
Gold:   240        SH:  0    Dex: 12    Spells: 7/7 levels left

rFire    . . .     SeeInvis .   c - +0 morningstar
rCold    . . .     Gourm    .   (no shield)
rNeg     . . .     Faith    .   b - +0 scale mail
rPois    +         Spirit   .   (helmet restricted)
rElec    .         Reflect  .   e - scarf {repulsion}
rCorr    .         Harm     .   n - +0 pair of gloves
MR       .....                  (no barding)
Stlth    ..........             (no amulet)
HPRegen  0.21/turn              (no ring)
MPRegen  0.11/turn              (no ring)

@: repel missiles, very quick
A: large, antennae 1, hooves 3, deformed body, speed 2, poison resistance, tough
skin 3
a: no special abilities


You were on level 6 of the Dungeon.
You were hungry.

You visited 2 branches of the dungeon, and saw 7 of its levels.

You collected 328 gold pieces.
You spent 88 gold pieces at shops.

Inventory:

Hand Weapons
 c - a +0 morningstar (weapon)
 l - a +0 dire flail
Armour
 b - a +0 scale mail (worn)
 e - a scarf of repulsion (worn)
 n - a +0 pair of gloves (worn)
Jewellery
 i - an uncursed ring of wizardry {unknown}
Wands
 s - a wand of random effects (23)
Scrolls
 a - a scroll of blinking
 d - a scroll of fear
 g - 4 scrolls of teleportation
 h - 3 scrolls of enchant armour
 j - a scroll of identify
 k - 4 scrolls of remove curse {unknown}
 m - a scroll of magic mapping {unknown}
 q - a scroll of noise {unknown}
Comestibles
 f - 11 rations


   Skills:
 - Level 5.0 Fighting
 * Level 6.4 Maces & Flails
   Level 2.4 Polearms
 - Level 3.8 Armour
 - Level 2.8 Dodging
   Level 2.1 Shields


You had 7 spell levels left.
You didn't know any spells.
Your spell library contained the following spells:

 Spells                   Type           Power        Failure   Level  Hunger
 Corona                   Hex            #......      82%         1    ##.....
 Ensorcelled Hibernation  Hex/Ice        #.....       91%         2    ###....
 Confuse                  Hex            #.......     99%         3    ####...
 Dazzling Spray           Conj/Hex       #.....       99%         3    ####...
 Tukima's Dance           Hex            #.......     99%         3    ####...


Dungeon Overview and Level Annotations

Branches:
Dungeon (6/15)             Temple (1/1) D:6

Altars:
Ashenzari
Cheibriados
Dithmenos
Fedhas
Hepliaklqana
Kikubaaqudgha
Makhleb
Nemelex Xobeh
Qazlal
Sif Muna
Trog
Vehumet
Xom
Yredelemnul
Zin

Shops:
D:4 *   D:5 [%


Innate Abilities, Weirdness & Mutations

You have hooves in place of feet.
Armour fits poorly on your strangely shaped body.
You cover ground very quickly.
You have extremely tough skin. (AC +3)
You have a pair of small antennae on your head.
Your system is resistant to poisons. (rPois)


Message History

The orc warrior barely misses you.
You hit the orc warrior but do no damage.
You kick the orc warrior, but do no damage.
The orc warrior hits you with a +0 long sword.
You hit the orc warrior but do no damage.
The orc warrior hits you with a +0 long sword!
* * * LOW HITPOINT WARNING * * *
You hit the orc warrior.
You kick the orc warrior, but do no damage.
The orc warrior is lightly wounded.
The orc warrior closely misses you.
You barely miss the orc warrior.
The orc warrior is lightly wounded.
The orc warrior hits you with a +0 long sword!
* * * LOW HITPOINT WARNING * * *
You closely miss the orc warrior.
You kick the orc warrior, but do no damage.
The orc warrior is lightly wounded.
The orc warrior hits you with a +0 long sword!
You die...

#<..#.#.#.# #
.............
..##....#...##
.....##.#.....
.##.(.....##.#..
....#..##....#.+###
.##.#.....#.......
.......##.#.#..#.#
..#.##......#..#@#
..#....>.##....#o#
....##≈†)...##.#o#
.##....##.#......#
....##.≈..#.##...#
.#.....#....o....#
#.##..#.##o##.#.#
..............#.#
#........)#.####.#


You could see an orc warrior and an orc.

Vanquished Creatures
  A sky beast (D:6)
  A black bear (D:6)
  A phantom (D:4)
  An ogre (D:4)
  A centaur (D:5)
  5 big kobolds (D:4)
  A scorpion (D:4)
  A howler monkey (D:4)
  2 orc priests
  A hound (D:4)
  2 iguanas
  3 worker ants
  5 gnolls (D:4)
  5 adders
  A shadow imp (D:5)
  An ooze (D:3)
  6 worms
  5 dart slugs (D:2)
  5 leopard geckos
  19 orcs
  2 ball pythons
  5 giant cockroaches
  7 goblins
  7 hobgoblins
  A quokka (D:5)
  4 bats
  8 frilled lizards
  A jackal skeleton (D:4)
  42 kobolds
  5 rats
149 creatures vanquished.

Notes
Turn   | Place    | Note
-------+----------+-------------------------------------------
     0 | D:1      | BoppinsLewinski the Centaur Fighter began the quest for the
                  | Orb.
     0 | D:1      | Reached XP level 1. HP: 19/19 MP: 1/1
   188 | D:1      | Reached XP level 2. HP: 23/26 MP: 2/2
   732 | D:2      | Reached XP level 3. HP: 31/31 MP: 3/3
   936 | D:2      | Found a snail-covered altar of Cheibriados.
  1245 | D:2      | Found a bloodstained altar of Trog.
  1321 | D:2      | Reached skill level 1 in Maces & Flails
  1321 | D:2      | Reached skill level 1 in Dodging
  1336 | D:2      | Reached XP level 4. HP: 23/38 MP: 4/4
  1846 | D:3      | Reached XP level 5. HP: 19/46 MP: 5/5
  1861 | D:3      | Reached skill level 2 in Maces & Flails
  2292 | D:3      | Found a stormy altar of Qazlal.
  2353 | D:3      | You fall through a shaft for 2 floors!
  2353 | D:5      | Entered Level 5 of the Dungeon
  2469 | D:4      | Noticed an ogre
  2825 | D:4      | Noticed a phantom
  2855 | D:4      | Killed a phantom
  2855 | D:4      | Reached XP level 6. HP: 14/52 MP: 6/6
  2861 | D:4      | Reached skill level 3 in Maces & Flails
  3935 | D:4      | Reached XP level 7. HP: 40/60 MP: 7/7
  4027 | D:4      | Reached skill level 4 in Maces & Flails
  4215 | D:4      | Found a shattered altar of Ashenzari.
  4368 | D:4      | Found Huczef's Assorted Antiques.
  4384 | D:4      | Bought a scroll of identify for 44 gold pieces
  4384 | D:4      | Bought a scroll of identify for 44 gold pieces
  5055 | D:4      | Reached skill level 5 in Fighting
  5192 | D:4      | Reached XP level 8. HP: 68/68 MP: 8/8
  5549 | D:5      | Reached skill level 5 in Maces & Flails
  5640 | D:5      | Found a deep blue altar of Sif Muna.
  5813 | D:5      | Found Zedanoack's Food Emporium.
  5889 | D:5      | Found Voirycie's Antique Armour Boutique.
  6129 | D:5      | Found a blossoming altar of Fedhas.
  6165 | D:6      | Found a staircase to the Ecumenical Temple.
  6180 | Temple   | Entered the Ecumenical Temple
  6422 | D:6      | Reached skill level 6 in Maces & Flails
  6433 | D:6      | Gained mutation: You have a pair of small antennae on your
                  | head. [potion of mutation]
  6433 | D:6      | Gained mutation: Your system is resistant to poisons.
                  | (rPois) [potion of mutation]
  6462 | D:6      | HP: 2/68 [orc warrior/+0 long sword (11)]
  6463 | D:6      | Demolished by an orc warrior

Skill      XL: |  1  2  3  4  5  6  7  8 |
---------------+-------------------------+-----
Polearms       | 2 |  2.4
Maces & Flails | 1 2 3 4 6 |  6.4
Dodging        | 1 2 |  2.8
Armour         | 3 |  3.8
Fighting       | 4 5 |  5.0
Shields        | |  2.1

Action                   |  1- 3 |  4- 6 |  7- 9 || total
-------------------------+-------+-------+-------++-------
Melee: Trident           |    45 |       |       ||    45
       Kick              |    15 |    56 |    37 ||   108
       Dire flail        |    47 |    34 |       ||    81
       Morningstar       |       |   212 |   162 ||   374
  Use: Potion            |       |     6 |     4 ||    10
       Scroll            |       |     5 |     4 ||     9
  Eat: Chunk             |       |     7 |     4 ||    11
       Ration            |       |       |     1 ||     1
Armor: Scale mail        |    31 |   145 |    91 ||   267
       Skin              |       |       |    63 ||    63
Dodge: Dodged            |    18 |   142 |    87 ||   247
       Deflected         |     2 |     2 |     8 ||    12
